 Dungeon Crawl Stone Soup version 0.16-a0-3295-gb88e9a2 (webtiles) character file.

25075 myeffort the Unseen (level 13, -12/58 HPs)
             Began as a Vine Stalker Assassin on Dec 24, 2014.
             Was a Priest of Dithmenos.
             Mangled by a hill giant
             ... wielding a +0 giant club
              (19 damage)
             ... on level 13 of the Dungeon.
             The game lasted 01:51:55 (15434 turns).

myeffort the Unseen (Vine Stalker Assassin)        Turns: 15434, Time: 01:51:56

Health: -12/58     AC:  8    Str: 15    XL:     13   Next: 17%
Magic:  0/17       EV: 10    Int: 10    God:    Dithmenos [***...]
Gold:   707        SH:  0    Dex: 21    Spells: 4 memorised, 1 level left

rFire  . . .     SeeInvis +     a - +3 dagger (pierce)
rCold  . . .     Clarity  .     R - +2 troll leather armour
rNeg   + . .     SustAb   .     N - +0 buckler
rPois  .         Gourm    .     (no helmet)
rElec  .         Spirit   +     B - +1 cloak
rCorr  .         Warding  +     (no gloves)
rMut   .         Stasis   .     (no boots)
MR     +....                    r - amulet of warding
Stlth  ++++++++++               k - +4 ring of evasion
                                M - ring of see invisible

@: held, wreathed by umbra, somewhat resistant to hostile enchantments,
uncannily stealthy
A: fangs 3, regeneration 3, wild magic 1, magic shield, antimagic bite, no
device heal 3, rot immunity
a: Shadow Step, Renounce Religion


You were on level 13 of the Dungeon.
You worshipped Dithmenos.
Dithmenos was most pleased with you.
You were not hungry.

You visited 3 branches of the dungeon, and saw 20 of its levels.
You visited the Abyss 1 time.
You also visited: Ossuary.

You collected 871 gold pieces.

Inventory:

Hand weapons
 a - a +3 dagger of piercing (weapon)
 b - a +0 blowgun
 y - a +0 dagger of protection
Missiles
 e - 23 poisoned needles
 f - 2 curare-tipped needles
Armour
 B - a +1 cloak (worn)
 N - a +0 buckler (worn)
 R - a +2 troll leather armour (worn)
Jewellery
 k - a +4 ring of evasion (right hand)
 r - an amulet of warding (around neck)
 w - a cursed ring of loudness {unknown}
 C - an uncursed ring of protection from magic
 G - an uncursed ring of magical power
 M - a ring of see invisible (left hand)
Magical devices
 c - a wand of polymorph (10)
 q - a wand of frost (2)
 t - a wand of confusion (0)
 u - a wand of paralysis (12)
 O - a wand of lightning (7)
 P - a wand of digging (0)
 Q - a wand of cold (10)
 U - a wand of slowing (31)
 W - a wand of digging (7)
 Z - a wand of confusion (11)
Scrolls
 d - 6 scrolls of magic mapping
 h - a scroll of holy word {unknown}
 i - 5 scrolls of remove curse
 j - 7 scrolls of identify
 l - a scroll of blinking
 m - 4 scrolls of teleportation
 n - 7 scrolls of fog
 v - a scroll of torment {unknown}
 x - a scroll of fear
 H - 3 scrolls of enchant weapon
 I - a scroll of noise {unknown}
 L - a scroll of recharging {unknown}
 Y - a scroll of silence {unknown}
Potions
 o - a potion of brilliance
 s - a potion of invisibility
 z - 2 potions of cure mutation
 D - 2 potions of haste
 K - 2 potions of curing
 V - a potion of ambrosia
Miscellaneous
 X - a phial of floods (inert, charging)
Comestibles
 g - 11 bread rations
 p - 2 beef jerkies
 A - a slice of pizza


   Skills:
 - Level 1.7 Fighting
 + Level 9.7 Short Blades
 - Level 8.2 Throwing
 + Level 4.2 Dodging
 + Level 19.3 Stealth
 - Level 5.1 Shields
 + Level 3.1 Hexes


You had one spell level left.
You knew the following spells:

 Your Spells              Type           Power        Failure   Level  Hunger
a - Sure Blade            Hex/Chrm       #.........   45%         2    ###....
b - Flight                Chrm/Air       #.........   97%         3    ####...
c - Confuse               Hex            #.......     50%         3    ####...
d - Passwall              Trmt/Erth      #.........   97%         3    ####...


Dungeon Overview and Level Annotations

Branches:
Dungeon (13/15)            Temple (1/1) D:6            Lair (6/8) D:11
  Snake (0/5) Lair:5        Slime (0/6) Lair:6
  Swamp: Lair:3-6    Shoals: Lair:3-6       Orc: D:9-12      Vaults: D:13-14

Altars:
Ashenzari
Cheibriados
Dithmenos
Elyvilon
Fedhas
Gozag
Kikubaaqudgha
Nemelex Xobeh
Okawaru
Qazlal
Ru
Trog
Vehumet
Xom
Yredelemnul
Zin
The Shining One

Portals:
Trove: D:11 (give 12 scrolls of teleportation)
Ice
Cave: D:12

Annotations:
D:2 Jessica
D:7 exclusions: orc, orc priest and orc wizard
D:8 exclusions: centaur warrior and ugly thing
D:10 exclusion: troll
D:11 exclusion: cyclops
D:12 WereVolvo's ghost, powerful OgHu
D:13 Psyche
Lair:1 exclusions: electric eel and komodo dragon
Lair:3 exclusion: spiny frog
Lair:5 Fannar


Innate Abilities, Weirdness & Mutations

You have razor-sharp teeth.
You regenerate.
When hurt, damage is shared between your health and your magic reserves.
Your bite disrupts and absorbs the magic of your enemies.
Potions and wands cannot restore your health.
You are immune to rotting.
Your spells are a little harder to cast, but a little more powerful.


Message History

The hill giant barely misses you.
You try to slip out of the net.
The unseen horror closely misses you. The unseen horror barely misses you.
The hill giant hits you with a giant club!
The unseen horror hits you.
You try to slip out of the net.
The unseen horror hits you.
The hill giant hits you with a giant club!!
* * * LOW HITPOINT WARNING * * *
Unknown command.
Drink which item? (? for menu, Esc to quit)
Okay, then.
Read which item? (? for menu, Esc to quit)
As you read the scroll labeled GROAFRE THREI, it crumbles to dust.
It is a scroll of brand weapon.
Brand which weapon? (? for menu, Esc to quit)
Your +3 dagger of holy wrath emits a brilliant flash of light!
a - a +3 dagger of piercing (weapon)
The unseen horror hits you but does no damage.
The hill giant hits you with a giant club!!
You die...

..##....#..........?.
..##....'.............
........#.............
........#.............
..####+##..............
..# ..................
#'# ...........x###+#.
..# ............'...#
..+ .........C@# ..#
........C.# # ..#
.........# .. # ###
........# ...#+###
##....... #........
+....... #........
....... #........
....... .+........ ...
....#......<.


You could see 2 hill giants and an unseen horror (invisible).

Vanquished Creatures
  Harold (Lair:3)
  2 hydras
  2 death yaks (Lair:3)
  Nergalle (D:11)
  An unseen horror (Abyss:1)
  The ghost of Fusha the Thaumaturge, an experienced DEWz of Sif Muna (D:10)
  A hill giant (D:11)
  A worldbinder (Abyss:1)
  Joseph (Lair:1)
  An ugly thing (D:13)
  A centaur skeleton (D:12)
  A torpor snail (Lair:4)
  5 komodo dragons
  4 spiny frogs
  2 two-headed ogres
  2 fire drakes
  3 trolls
  Grinder (D:6)
  2 basilisks
  2 slime creatures
  A boulder beetle (Lair:2)
  A spriggan (D:7)
  A wraith (D:10)
  19 yaks
  The ghost of myeffort the Covert, an average VSAs (D:4)
  The ghost of myeffort the Sneak, an average VSAs of Dithmenos (D:5)
  A deep elf mage (D:13)
  A chaos spawn (Abyss:1)
  Grum (D:13)
  A hippogriff (shapeshifter) (D:12)
  7 hippogriffs
  A soldier ant (D:8)
  A naga (Lair:5)
  A hell hound (Abyss:1)
  7 water moccasins
  A necrophage (D:8)
  2 wolves (D:13)
  An eye of draining (D:12)
  2 ice beasts
  8 porcupines
  2 sky beasts
  2 black bears
  6 ogres
  An orc warrior (D:7)
  A phantom (D:12)
  2 centaurs
  Sigmund (D:3)
  2 big kobolds
  A crocodile (Lair:4)
  8 giant frogs
  Blork the orc (D:7)
  A scorpion (D:5)
  A wyvern skeleton (D:13)
  2 jellies
  11 crimson imps
  An electric eel (Lair:1)
  A quasit (D:13)
  11 killer bees
  A giant frog zombie (D:13)
  11 hounds
  4 orc priests
  13 orc wizards
  13 worker ants
  A giant frog skeleton (D:8)
  13 iguanas
  An iron imp (D:10)
  2 big kobold zombies (Ossuary)
  2 hound zombies
  Terence (D:3)
  4 mummies (Ossuary)
  7 gnolls (D:4)
  23 river rats
  A giant mite (D:7)
  19 adders
  7 shadow imps
  7 worms
  2 adder zombies
  3 adder skeletons
  3 giant geckos
  2 oozes
  46 orcs
  A ball python (D:7)
  A bat skeleton (D:6)
  4 giant cockroaches
  15 goblins
  6 hobgoblins
  7 jackals
  28 kobolds
  15 bats
  9 giant newts
  A giant spore (D:8)
  2 gnoll zombies (Ossuary)
  2 goblin zombies (Ossuary)
  2 hobgoblin zombies (Ossuary)
  A kobold zombie (Ossuary)
  15 quokkas
  11 rats
  2 rat zombies (Ossuary)
  A spectral orc (Lair:1)
  2 ballistomycetes
460 creatures vanquished.

Vanquished Creatures (collateral kills)
  A deep elf mage (D:9)
  A giant frog (D:9)
2 creatures vanquished.

Vanquished Creatures (others)
  A water elemental (Lair:1)
  A big kobold (D:9)
  2 quokkas (Lair:4)
  A giant spore (D:12)
  2 fungi (Lair:6)
  8 plants
  2 starspawn tentacles (Abyss:1)
  94 starspawn tentacle segments (Abyss:1)
111 creatures vanquished.

Grand Total: 573 creatures vanquished

Notes
Turn   | Place    | Note
--------------------------------------------------------------
     0 | D:1      | myeffort, the Vine Stalker Assassin, began the quest for the Orb.
     0 | D:1      | Reached XP level 1. HP: 11/11 MP: 1/1
    79 | D:1      | Reached skill level 5 in Stealth
   106 | D:1      | Reached XP level 2. HP: 13/15 MP: 3/3
   612 | D:2      | Reached XP level 3. HP: 15/18 MP: 4/4
   723 | D:2      | Noticed Jessica
   739 | D:2      | Found a radiant altar of Vehumet.
   768 | D:2      | Found a sparkling altar of Nemelex Xobeh.
   775 | D:2      | Found an ancient bone altar of Kikubaaqudgha.
   814 | D:2      | Reached XP level 4. HP: 23/23 MP: 5/5
   817 | D:2      | Found a snail-covered altar of Cheibriados.
  1062 | D:3      | Noticed Terence
  1075 | D:3      | Found a bloodstained altar of Trog.
  1079 | D:3      | Noticed Sigmund
  1090 | D:3      | Killed Sigmund
  1090 | D:3      | Reached skill level 6 in Stealth
  1090 | D:3      | Reached XP level 5. HP: 3/26 MP: 7/7
  1106 | D:3      | Killed Terence
  1277 | D:3      | Reached skill level 7 in Stealth
  1337 | D:3      | Gained mutation: You heal very quickly. [vine stalker growth]
  1337 | D:3      | Reached XP level 6. HP: 30/30 MP: 8/8
  1472 | D:3      | Found a glowing silver altar of Zin.
  1882 | D:4      | Reached skill level 16 in Stealth
  1882 | D:4      | Reached XP level 7. HP: 34/34 MP: 9/9
  2050 | D:4      | Reached skill level 5 in Short Blades
  2240 | D:4      | Gained mutation: You have razor-sharp teeth. [vine stalker growth]
  2240 | D:4      | Reached XP level 8. HP: 38/38 MP: 11/11
  2328 | D:5      | Entered Level 5 of the Dungeon
  2866 | D:5      | Noticed myeffort's ghost (average VSAs)
  3018 | D:4      | Reached XP level 9. HP: 42/42 MP: 12/12
  3207 | D:4      | Noticed myeffort's ghost (average VSAs)
  3264 | D:4      | Killed myeffort's ghost
  3685 | D:5      | Killed myeffort's ghost
  3685 | D:5      | Reached skill level 1 in Dodging
  4182 | D:6      | Found a sand-covered staircase.
  4190 | Ossuary  | Entered an ossuary
  4591 | D:6      | Found a glowing golden altar of the Shining One.
  4641 | D:6      | Noticed Grinder
  4646 | D:6      | Killed Grinder
  4978 | D:6      | Reached skill level 17 in Stealth
  5150 | D:6      | Found a staircase to the Ecumenical Temple.
  5156 | Temple   | Entered the Ecumenical Temple
  5187 | Temple   | Became a worshipper of Dithmenos the Shadowed
  5339 | D:7      | Found a sacrificial altar of Ru.
  5688 | D:7      | Reached XP level 10. HP: 42/46 MP: 13/13
  5719 | D:7      | Noticed a moth of wrath
  5823 | D:7      | Noticed Blork the orc
  5840 | D:7      | Killed Blork the orc
  6052 | D:8      | Found a stormy altar of Qazlal.
  6163 | D:8      | Found a white marble altar of Elyvilon.
  6251 | D:8      | Noticed a red ugly thing
  6288 | D:8      | Noticed a centaur warrior
  6886 | D:9      | Hired Gepaffas the big kobold for 100 gold.
  6901 | D:9      | Reached skill level 5 in Throwing
  6977 | D:9      | Acquired Dithmenos' first power
  6977 | D:9      | Reached skill level 1 in Shields
  7267 | D:9      | Gained mutation: Your spells are a little harder to cast, but a little more powerful. [potion of beneficial mutation]
  7297 | D:9      | Your ally Gepaffas died
  7306 | D:10     | Entered Level 10 of the Dungeon
  7597 | D:10     | Noticed Fusha's ghost (experienced DEWz)
  7780 | D:10     | Killed Fusha's ghost
  7892 | D:10     | Found a sparkling altar of Nemelex Xobeh.
  8019 | D:10     | Reached XP level 11. HP: 32/50 MP: 15/15
  8452 | D:11     | Found a portal to a secret trove of treasure.
  8630 | D:11     | Found a staircase to the Lair.
  8714 | D:11     | Noticed a hill giant
  8773 | D:11     | Killed a hill giant
  9490 | Lair:1   | Entered Level 1 of the Lair of Beasts
  9490 | Lair:1   | Noticed Joseph
  9493 | Lair:1   | Killed Joseph
  9914 | Lair:1   | Noticed a six-headed hydra
  9921 | Lair:1   | Killed a six-headed hydra
  9921 | Lair:1   | Reached skill level 18 in Stealth
  9930 | Lair:1   | Noticed Nergalle
 10544 | Lair:2   | Acquired Dithmenos' second power
 10954 | Lair:3   | Noticed Harold
 10987 | Lair:3   | Gained mutation: You regenerate. [vine stalker growth]
 10987 | Lair:3   | Reached XP level 12. HP: 54/54 MP: 16/16
 11136 | Lair:3   | Killed Harold
 11136 | Lair:3   | Reached skill level 5 in Shields
 11284 | Lair:3   | Noticed a death yak
 11285 | Lair:3   | Noticed a death yak
 11286 | Lair:3   | Noticed a death yak
 11333 | Lair:3   | Killed a death yak
 11377 | Lair:3   | Killed a death yak
 11873 | Lair:5   | Found a staircase to the Snake Pit.
 11959 | Lair:5   | Acquired Dithmenos' third power
 11994 | Lair:5   | Noticed a death yak
 11995 | Lair:5   | Noticed a death yak
 11996 | Lair:5   | Noticed a death yak
 12032 | Lair:6   | Found a staircase to the Slime Pits.
 12206 | Lair:6   | Noticed a death yak
 12213 | Lair:6   | Noticed a death yak
 12213 | Lair:6   | Noticed a death yak
 12214 | Lair:6   | Noticed a death yak
 12214 | Lair:6   | Noticed a death yak
 12415 | Lair:5   | Noticed a seven-headed hydra
 12487 | Lair:5   | Noticed Fannar
 12856 | Lair:4   | Learned a level 2 spell: Sure Blade
 12860 | Lair:4   | Learned a level 3 spell: Flight
 12864 | Lair:4   | Learned a level 3 spell: Confuse
 12868 | Lair:4   | Learned a level 3 spell: Passwall
 13044 | Lair:4   | Reached skill level 19 in Stealth
 13262 | Lair:1   | Reached skill level 1 in Hexes
 13307 | D:11     | Killed Nergalle
 13376 | D:12     | Noticed WereVolvo's ghost (powerful OgHu)
 13747 | D:12     | Found a frozen archway.
 14227 | D:13     | Reached XP level 13. HP: 58/58 MP: 17/17
 14252 | D:13     | Noticed a six-headed hydra
 14254 | D:13     | Killed a six-headed hydra
 14281 | D:13     | Noticed Grum
 14285 | D:13     | Killed Grum
 14402 | D:13     | Noticed Psyche
 14415 | D:13     | Cast into the Abyss (Psyche)
 14508 | Abyss:1  | Noticed a starcursed mass
 14684 | Abyss:1  | Noticed a tentacled starspawn
 14887 | Abyss:1  | Found a corrupted altar of Lugonu.
 14900 | Abyss:1  | Noticed a Hell Sentinel
 15067 | Abyss:1  | Noticed a lorocyproca
 15123 | Abyss:1  | Noticed a tentacled starspawn
 15293 | Abyss:1  | Noticed a cacodemon
 15347 | Abyss:2  | Found a roughly hewn altar of Beogh.
 15389 | D:13     | Escaped the Abyss
 15434 | D:13     | Mangled by a hill giant

Action                   |  1- 3 |  4- 6 |  7- 9 | 10-12 | 13-15 || total
-------------------------+-------+-------+-------+-------+-------++-------
Melee: Dagger            |    82 |   136 |   587 |  1330 |   121 ||  2256
 Fire: Blowgun           |       |       |    14 |    31 |       ||    45
Throw: Throwing net      |       |       |     5 |       |       ||     5
Invok: Shadow Step       |       |       |       |     5 |     4 ||     9
Evoke: Deck              |       |       |     2 |     4 |       ||     6
       Wand              |       |       |       |    24 |     7 ||    31
       Phial of floods   |       |       |       |     1 |       ||     1
  Use: Potion            |       |     6 |     5 |    15 |       ||    26
       Scroll            |       |     5 |     1 |    16 |     8 ||    30
 Stab: Sleeping          |     7 |     6 |    41 |    99 |     5 ||   158
       Held in net/web   |       |       |     1 |       |       ||     1
       Distracted        |       |       |       |     4 |     1 ||     5
       Confused          |       |       |       |     5 |     1 ||     6
       Invisible         |       |       |       |     5 |       ||     5
  Eat: Chunk             |       |     3 |    13 |    29 |     3 ||    48
       Bread ration      |       |       |       |       |     1 ||     1
